 Dungeon Crawl Stone Soup version 0.26.1-11-gd32895ea62 (webtiles) character file.

Game seed: 11347267807405279176

48 DildoBatman the Conjurer (level 4, -3/30 HPs)
             Began as a Formicid Conjurer on July 23, 2021.
             Slain by a hobgoblin (4 damage)
             ... on level 2 of the Dungeon.
             The game lasted 00:02:57 (1192 turns).

DildoBatman the Conjurer (Formicid Conjurer)        Turns: 1192, Time: 00:02:58

Health: -3/30      AC:  2    Str: 12    XL:     4   Next: 0%
Magic:  16/16      EV: 12    Int: 17    God:
Gold:   12         SH:  0    Dex: 10    Spells: 4/7 levels left

rFire    . . .     SeeInvis +   a - +0 short sword
rCold    . . .     Faith    .   (no shield)
rNeg     . . .     Spirit   .   k - +0 robe
rPois    .         Reflect  .   (helmet unavailable)
rElec    .         Harm     .   (no cloak)
rCorr    .         Rampage  .   (no gloves)
Will     .....                  (no boots)
Stlth    ++........             (no amulet)
HPRegen  0.10/turn              f - ring of magical power
MPRegen  0.15/turn              (no ring)

@: no status effects
A: permanent stasis, dig shafts and tunnels, four strong arms, antennae 3
a: Dig, Shaft Self


You were on level 2 of the Dungeon.
You visited 1 branch of the dungeon, and saw 2 of its levels.

You collected 12 gold pieces.

Inventory:

Hand Weapons
 a - a +0 short sword (weapon)
Missiles
 d - 20 stones
Armour
 k - a +0 robe (worn)
Jewellery
 f - a ring of magical power (left hand)
Scrolls
 c - 2 scrolls of teleportation {unknown}
 e - 4 scrolls of identify {unknown}
 h - a scroll of enchant armour {unknown}
Potions
 b - 2 potions of might {unknown}
 g - a potion of curing {unknown}
 i - 2 potions of mutation {unknown}
 j - a potion of attraction {unknown}


   Skills:
 - Level 0.1 Fighting
 - Level 1.7 Dodging
 - Level 2.4 Stealth
 - Level 2.2 Spellcasting
 * Level 4.8 Conjurations


You had 4 spell levels left.
You knew the following spells:

 Your Spells              Type           Power        Failure   Level
a - Searing Ray           Conj           36%          4%          2
c - Magic Dart            Conj           72%          2%          1

Your spell library contained the following spells:

 Spells                   Type           Power        Failure   Level
 Dazzling Flash           Conj/Hex       20%          22%         3
 Fulminant Prism          Conj/Hex       5%           56%         4
 Iskenderun's Mystic Bla  Conj/Tloc      10%          56%         4


Dungeon Overview and Level Annotations

Branches:
Dungeon (2/15)

Altars:


Innate Abilities, Weirdness & Mutations

You cannot be hasted, slowed, berserked, paralysed or teleported.
You can dig through walls and to a lower floor.
Your four strong arms can wield two-handed weapons with a shield.
You have a pair of large antennae on your head. (SInv)


Message History

What are your orders? t - Shout!
Orders for allies: a - Attack new target. r - Retreat! s - Stop attacking. g - Guard the area. f - Follow me.
Anything else - Cancel.
You shout for attention!
The hobgoblin misses you. The hobgoblin closely misses you.
The rat bites you but does no damage. What are your orders? t - Shout!
Orders for allies: a - Attack new target. r - Retreat! s - Stop attacking. g - Guard the area. f - Follow me.
Anything else - Cancel.
You shout for attention!
The hobgoblin hits you but does no damage.
The hobgoblin hits you.
You die...

####.# #..†>#
#..### {
#.#.##
#..).#######
##..#....g...
#.....#######
#..rg## #.g@.#
#.........#
...........#
##...........
####!.........
#....#####.
#..!.# #....#


You could see 2 hobgoblins and a rat.

Vanquished Creatures
  A worm (D:2)
  2 dart slugs
  A leopard gecko (D:1)
  2 giant cockroaches (D:1)
  3 goblins
  4 hobgoblins (D:1)
  6 jackals (D:1)
  5 kobolds
  A quokka (D:2)
  2 bats (D:2)
  3 frilled lizards
  7 rats
37 creatures vanquished.

Notes
Turn   | Place    | Note
-------+----------+-------------------------------------------
     0 | D:1      | DildoBatman the Formicid Conjurer began the quest for the
                  | Orb.
     0 | D:1      | Reached XP level 1. HP: 13/13 MP: 3/3
   182 | D:1      | Reached XP level 2. HP: 9/19 MP: 1/5
   189 | D:1      | Learned a level 2 spell: Searing Ray
   272 | D:1      | Reached skill level 4 in Conjurations
   461 | D:1      | Reached XP level 3. HP: 21/24 MP: 6/6
  1175 | D:2      | Reached XP level 4. HP: 24/30 MP: 7/7
  1190 | D:2      | HP: 1/30 [rat (1)]
  1192 | D:2      | Slain by a hobgoblin

Illustrated notes

Levels and vault maps discovered:
D:1:      mushboom_english_gardens, layout_loops_ring,
          wad_floor_pattern_untrapped
D:2:      layout_loops_ring, lemuel_coloured_pillars_altar,
          chequers_ecumenical_altar_twisty, uniq_crazy_yiuf_cottage,
          uniq_sigmund

Skill      XL: |  1  2 |
---------------+-------+-----
Conjurations   | 4 |  4.8
Fighting       | |  0.1
Dodging        | |  1.7
Stealth        | |  2.4
Spellcasting   | |  2.2

Action                   |  1- 3 |  4- 6 || total
-------------------------+-------+-------++-------
Melee: Unarmed           |    11 |       ||    11
       Whip              |    15 |       ||    15
       Short sword       |     5 |     1 ||     6
 Cast: Magic Dart        |    12 |       ||    12
       Searing Ray       |    21 |       ||    21
 Abil: Dig               |     3 |     1 ||     4
Armor: Robe              |     7 |     2 ||     9
Dodge: Dodged            |    23 |     8 ||    31
